 Dungeon Crawl Stone Soup version 0.21.1-1-g345015f (webtiles) character file.

443 TinyReaver the Sneak (level 6, -1/28 HPs)
             Began as a Spriggan Enchanter on Apr 29, 2018.
             Slain by a two-headed ogre
             ... wielding a +0 giant club
              (17 damage)
             ... on level 3 of the Dungeon.
             The game lasted 00:19:58 (3959 turns).

TinyReaver the Sneak (Spriggan Enchanter)           Turns: 3959, Time: 00:19:59

Health: -1/28      AC:  2    Str:  4    XL:     6   Next: 71%
Magic:  6/13       EV: 19    Int: 18    God:
Gold:   166        SH:  0    Dex: 17    Spells: 8/14 levels left

rFire    . . .     SeeInvis +   a - +1 dagger
rCold    . . .     Gourm    .   (shield restricted)
rNeg     . . .     Faith    .   m - +0 robe
rPois    .         Spirit   .   (helmet restricted)
rElec    .         Reflect  .   (no cloak)
rCorr    +         Harm     .   (gloves unavailable)
MR       +....                  (boots unavailable)
Stlth    ++++......             (no amulet)
HPRegen  0.09/turn              g - ring of resist corrosion
MPRegen  0.13/turn              (no ring)

@: very quick
A: very small, unfitting armour, see invisible, herbivore, speed 3, slow
metabolism 2
a: no special abilities


You were on level 3 of the Dungeon.
You were not hungry.

You visited 1 branch of the dungeon, and saw 4 of its levels.

You collected 166 gold pieces.

Inventory:

Hand Weapons
 a - a +1 dagger (weapon)
Armour
 b - a +0 robe
 m - a +0 robe (worn)
Jewellery
 g - a ring of resist corrosion (left hand)
Scrolls
 e - a scroll of identify {unknown}
 h - 2 scrolls of magic mapping {unknown}
 j - a scroll of enchant armour {unknown}
 k - a scroll of teleportation {unknown}
Potions
 f - a potion of curing {unknown}
 i - 2 potions of heal wounds {unknown}
 l - 2 potions of degeneration {unknown}
 n - a potion of agility {unknown}
Books
 c - a book of Maledictions

   Spells                             Type                      Level
   a - Corona                         Hexes                        1
   b - Ensorcelled Hibernation        Hexes/Ice                    2
   c - Confuse                        Hexes                        3
   d - Tukima's Dance                 Hexes                        3
   e - Dazzling Spray                 Conjuration/Hexes            3
Comestibles
 d - 6 rations


   Skills:
 + Level 0.1 Fighting
 + Level 2.1 Short Blades
 + Level 3.5 Dodging
 + Level 7.5 Stealth
 + Level 4.5 Spellcasting
 + Level 5.3 Hexes
 + Level 2.1 Ice Magic


You had 8 spell levels left.
You knew the following spells:

 Your Spells              Type           Power        Failure   Level  Hunger
a - Corona                Hex            ###....      1%          1    None
b - Ensorcelled Hibernat  Hex/Ice        ###...       4%          2    #......
c - Confuse               Hex            ###.....     4%          3    ###....


Dungeon Overview and Level Annotations

Branches:
Dungeon (4/15)
 Temple: D:4-7

Altars:
Okawaru


Innate Abilities, Weirdness & Mutations

You are very small and have problems with some larger weapons.
You are too small for most types of armour.
You have supernaturally acute eyesight. (SInv)
You are a herbivore.
You cover ground extremely quickly.
You need consume almost no food.


Message History

Confirm with . or Enter, or press ? or * to list all spells.
Aiming: Confuse
Press: ? - help, Shift-Dir - straight line, f - two-headed ogre
Aim: a two-headed ogre, wielding a giant club and a giant spiked club (severely wounded, chance to defeat MR: 35%)
The two-headed ogre easily resists.
The two-headed ogre closely misses you. The two-headed ogre barely misses you.
Casting: Confuse
Confirm with . or Enter, or press ? or * to list all spells.
Aiming: Confuse
Press: ? - help, Shift-Dir - straight line, f/p - two-headed ogre
Aim: a two-headed ogre, wielding a giant club and a giant spiked club (severely wounded, chance to defeat MR: 35%)
The two-headed ogre appears confused.
You strike the helpless two-headed ogre from behind!
You impale the two-headed ogre!!
The two-headed ogre is almost dead.
You hit the two-headed ogre but do no damage.
The two-headed ogre is almost dead.
The two-headed ogre hits you with a giant club!
Ouch! That really hurt!
You die...

##.##...#
#.###.###.##.......
#.###..#
#.........###.....#
#.# #..#
#.....##### ##...##
#.###..# #..)###
##'## #......#
##.## #.# #####.##
#.# #.# #.#
#.###### ##.## #.#
#.##...# ##...##
######.#
##@##.>.#####.....#
#......#
#O.#....#..........
#.######
#.##...###......#..
#.# #.#.O..#
#......#.# ..#
#.)...## #........#
### #...⌠.#
#......### ##....##
#......... ##....#
######.### ##...##
#.#


You could see a two-headed ogre (confused).

Vanquished Creatures
  Sigmund (D:3)
  A sky beast (D:3)
  A crimson imp (D:2)
  A jelly (D:3)
  Terence (D:3)
  2 gnolls (D:4)
  3 adders
  An ooze (D:2)
  4 worms
  3 leopard geckos
  A ball python (D:3)
  3 giant cockroaches
  4 goblins
  8 hobgoblins
  3 jackals (D:1)
  2 quokkas (D:3)
  2 bats
  5 frilled lizards
  7 kobolds
  5 rats
58 creatures vanquished.

Vanquished Creatures (others)
  4 toadstools (D:1)
4 creatures vanquished.

Grand Total: 62 creatures vanquished

Notes
Turn   | Place    | Note
-------+----------+-------------------------------------------
     0 | D:1      | TinyReaver the Spriggan Enchanter began the quest for the Orb.
     0 | D:1      | Reached XP level 1. HP: 9/9 MP: 5/5
   320 | D:1      | Reached XP level 2. HP: 13/13 MP: 4/6
   334 | D:1      | Learned a level 2 spell: Ensorcelled Hibernation
   825 | D:2      | Found a faded altar of an unknown god.
  1199 | D:2      | Reached skill level 5 in Stealth
  1215 | D:2      | Reached XP level 3. HP: 15/16 MP: 0/8
  1495 | D:2      | Learned a level 3 spell: Confuse
  1731 | D:2      | Reached XP level 4. HP: 21/21 MP: 4/10
  2101 | D:3      | Reached skill level 6 in Stealth
  2325 | D:3      | Reached skill level 1 in Ice Magic
  2325 | D:3      | Reached XP level 5. HP: 24/24 MP: 9/11
  2335 | D:3      | Noticed Sigmund
  2507 | D:3      | Killed Sigmund
  2507 | D:3      | Reached skill level 7 in Stealth
  2507 | D:3      | Reached XP level 6. HP: 28/28 MP: 7/13
  2553 | D:3      | Noticed a sky beast
  2570 | D:3      | Killed a sky beast
  2741 | D:3      | Noticed Terence
  2753 | D:3      | Killed Terence
  2753 | D:3      | Reached skill level 5 in Hexes
  3042 | D:3      | Found an iron altar of Okawaru.
  3196 | D:4      | Noticed a two-headed ogre
  3959 | D:3      | Slain by a two-headed ogre

Skill      XL: |  1  2  3  4  5  6 |
---------------+-------------------+-----
Hexes          | 4 5 |  5.3
Spellcasting   | 3 4 |  4.5
Stealth        | 5 6 7 |  7.5
Ice Magic      | 1 2 |  2.1
Short Blades   | 2 |  2.1
Fighting       | |  0.1
Dodging        | |  3.5

Action                   |  1- 3 |  4- 6 || total
-------------------------+-------+-------++-------
Melee: Dagger            |   104 |    38 ||   142
 Cast: Corona            |     7 |     3 ||    10
       Ensorcelled Hiber |    27 |    29 ||    56
       Confuse           |     1 |     2 ||     3
  Use: Potion            |       |     1 ||     1
 Stab: Sleeping          |    17 |    26 ||    43
       Confused          |     1 |     1 ||     2
       Distracted        |       |     1 ||     1
  Eat: Ration            |       |     2 ||     2
Armor: Robe              |     9 |     1 ||    10
Dodge: Dodged            |    84 |    31 ||   115
